 Dungeon Crawl Stone Soup version 0.31-a0-636-ge1c0e020e0 (webtiles) character file.

Game seed: 16785482312675230587

2609 garrulousMonolith the Cudgeller (level 9, -3/56 HPs)
             Began as a Gargoyle Fighter on Aug 27, 2023.
             Was an Initiate of the Shining One.
             Slain by a skeletal warrior
             ... wielding a +0 war axe
              (18 damage)
             ... on level 8 of the Dungeon.
             The game lasted 00:10:00 (6412 turns).

garrulousMonolith the Cudgeller (Gargoyle Fighter)  Turns: 6412, Time: 00:10:01

Health: -3/56      AC: 26    Str: 21    XL:     9   Next: 59%
Magic:  13/13      EV:  6    Int: 10    God:    the Shining One [......]
Gold:   544        SH:  6    Dex: 17    Spells: 8/8 levels left

rFire   + . .        a - +0 flail
rCold   + . .        c - +0 buckler
rNeg    + . .        L - +0 plate armour
rPois   ∞            n - +0 helmet
rElec   +            G - scarf {rC+ rF+}
rCorr   .            (no gloves)
SInv    .            g - +2 pair of boots
Will    .....        o - amulet of regeneration Stlth
                     r - ring of protection from cold
HPRegen 1.09/turn    l - +6 ring of dexterity
MPRegen 0.13/turn

%: no passive effects
@: mighty, glowing
A: sickness immunity, AC +6, negative energy resistance 1, electricity
resistance, torment resistance 1, petrification resistance, iridescent scales 1,
camouflage 1, screaming 1, cold vulnerability 1
a: Renounce Religion


You were on level 8 of the Dungeon.
You worshipped the Shining One.
The Shining One was noncommittal.
You visited 2 branches of the dungeon, and saw 9 of its levels.
You also visited: Sewer.

You collected 580 gold pieces.
You spent 36 gold pieces at shops.

Inventory:

Hand Weapons
 a - a +0 flail (weapon)
Missiles
 b - 3 curare-tipped darts
 F - 2 throwing nets
Armour
 c - a +0 buckler (worn)
 g - a +2 pair of boots (worn)
 n - a +0 helmet (worn)
 G - a scarf of resistance (worn)
 J - a +0 chain mail
 L - a +0 plate armour (worn)
 M - +0 ice dragon scales
Jewellery
 f - a ring of positive energy
 l - a +6 ring of dexterity (right hand)
 o - an amulet of regeneration (around neck)
 r - a ring of protection from cold (left hand)
 I - a +6 ring of dexterity
 N - the ring "Zuveec" {Drain Fly Str+2 Int+6}
   (You found it on level 7 of the Dungeon)

   [ring of intelligence]

   Str+2:     It affects your strength (+2).
   Int+6:     It affects your intelligence (+6).
   Fly:       It grants you flight.
   Drain:     It drains your maximum health when unequipped.
Wands
 q - a wand of flame (44)
 s - a wand of mindburst (17)
 B - a wand of roots (14)
Scrolls
 j - 3 scrolls of fog
 p - a scroll of amnesia
 u - 2 scrolls of poison {unknown}
 y - 5 scrolls of identify {unknown}
 D - 2 scrolls of blinking {unknown}
 E - 2 scrolls of enchant armour
 H - a scroll of brand weapon {unknown}
 K - 2 scrolls of noise {unknown}
Potions
 d - a potion of might
 i - 3 potions of mutation
 k - 2 potions of resistance {unknown}
 m - 3 potions of attraction {unknown}
 v - 3 potions of haste {unknown}
 w - a potion of enlightenment {unknown}
 z - a potion of invisibility {unknown}
 A - a potion of heal wounds {unknown}
 C - 3 potions of brilliance {unknown}


   Skills:
 + Level 6.5 Fighting
 * Level 7.8 Maces & Flails
 + Level 6.6 Armour
 + Level 6.4 Shields
 + Level 5.3 Invocations


You had 8 spell levels left.
You didn't know any spells.
Your spell library contained the following spells:

 Spells                   Type           Power      Damage    Failure   Level
 Magic Dart               Conj           0%         1d3       100%        1
 Call Imp                 Summ           0%         N/A       100%        2
 Dazzling Flash           Conj/Hex       0%         N/A       100%        3
 Inner Flame              Hex/Fire       0%         N/A       100%        3
 Mephitic Cloud           Conj/Pois/Air  0%         N/A       100%        3
 Volatile Blastmotes      Fire/Tloc      0%         2d10      100%        3
 Flame Wave               Conj/Fire      0%         2d4       100%        4
 Sticky Flame             Conj/Fire      0%         2d3       100%        4
 Starburst                Conj/Fire      0%         6d3       100%        6
 Maxwell's Capacitive Co  Air            0%         ∞         100%        8


Dungeon Overview and Level Annotations

Branches:
Dungeon (8/15)             Temple (1/1) D:7           Sewer (visited)
   Lair: D:8-11

Altars:
Ashenzari
Cheibriados
Dithmenos
Elyvilon
Fedhas
Gozag
Hepliaklqana
Kikubaaqudgha
Nemelex Xobeh
Okawaru
Qazlal
Ru
Sif Muna
Trog
Uskayaw
Vehumet
Wu Jian
Xom
Yredelemnul
Zin
The Shining One

Shops:
D:1 !   D:3 *   D:5 (

Annotations:
D:7 1 runed translucent door, Tollund's ghost, novice DrSh


Innate Abilities, Weirdness & Mutations

You are immune to sickness and miasma.
Your stone body is resilient. (AC +6)
You are immune to poison.
You resist negative energy. (rN+)
You are resistant to electric shocks. (rElec)
You are resistant to unholy torment.
You are immune to petrification.
You are partially covered in iridescent scales. (AC +2)
Your skin changes colour to match your surroundings (Stealth+).
You occasionally shout uncontrollably at your foes.
You are vulnerable to cold. (rC-)


Message History

The skeletal warrior is heavily damaged.
You block the skeletal warrior's attack.
You thump the skeletal warrior!
The skeletal warrior is severely damaged.
The skeletal warrior hits you but does no damage.
You hit the skeletal warrior.
The skeletal warrior is severely damaged.
The skeletal warrior hits you with a +0 war axe!
You barely miss the skeletal warrior.
The skeletal warrior is severely damaged.
The skeletal warrior hits you but does no damage.
You hit the skeletal warrior.
The skeletal warrior is severely damaged.
The skeletal warrior hits you with a +0 war axe.
You closely miss the skeletal warrior.
The skeletal warrior is severely damaged.
The skeletal warrior hits you with a +0 war axe!
* * * LOW HITPOINT WARNING * * *
You barely miss the skeletal warrior.
The skeletal warrior is severely damaged.
You block the skeletal warrior's attack.
Okay, then.
Aiming: Mindburst
Press: ? - help, Shift-Dir - straight line, f/p - skeletal warrior
Aim: a skeletal warrior, wielding a +0 war axe (severely damaged, chance to affect: 6%)
Okay, then.
It was a potion of mutation.
You feel extremely strange.
Your skin functions as natural camouflage.
You feel the urge to shout.
You feel vulnerable to cold.
Iridescent scales grow over part of your body.
The skeletal warrior hits you with a +0 war axe!
* * * LOW HITPOINT WARNING * * *
Okay, then.
You feel better.
You block the skeletal warrior's attack.
A skeletal warrior comes into view. It is wielding a +0 war axe.
You completely miss the skeletal warrior.
The skeletal warrior is severely damaged.
The skeletal warrior hits you with a +0 war axe!!
You die...

#...........#
#.....z....z## .#
#............# .#
#............# .#
#.#.#####....##.###.
#...................#
......##............###.#
...... #..z..............
...## #...@..........###
.. #......###........ .
..........# #.....###
###.......# #.....#
#.......###.##########
#.....................
##...##........#######
#.## ##.......# #.......#


You could see 2 skeletal warriors.

Vanquished Creatures
  A troll (D:7)
  A wraith (D:7)
  A wyvern (D:6)
  An orc warrior (D:7)
  2 ogres (D:6)
  2 phantoms
  2 centaurs
  3 bullfrogs
  A scorpion (D:7)
  A water moccasin zombie (D:5)
  4 killer bees (D:7)
  A bullfrog zombie (D:5)
  A gnoll bouda (D:7)
  2 jellies (D:6)
  2 orc priests (D:7)
  A sleepcap (D:5)
  4 iguanas
  10 orc wizards
  2 hound zombies (D:5)
  13 gnolls
  5 adders
  7 river rats (Sewer)
  2 shadow imps (D:5)
  A white imp (D:5)
  An ufetubus (D:4)
  An adder zombie (D:5)
  4 worms
  2 dart slugs
  35 orcs
  2 bats
  9 endoplasms
  2 giant cockroaches (D:4)
  3 goblins
  7 hobgoblins
  2 jackals (D:5)
  5 quokkas
  15 ball pythons
  4 frilled lizards
  8 kobolds
  31 rats
201 creatures vanquished.

Notes
Turn   | Place    | Note
-------+----------+-------------------------------------------
     0 | D:1      | garrulousMonolith the Gargoyle Fighter began the quest for
                  | the Orb.
     0 | D:1      | Reached XP level 1. HP: 14/14 MP: 1/1
   231 | D:1      | Reached XP level 2. HP: 19/19 MP: 2/2
   351 | D:1      | Found Cocwol's Distillery.
   395 | D:1      | Bought a potion of curing for 36 gold pieces
   963 | D:2      | Reached XP level 3. HP: 22/23 MP: 3/3
  1040 | D:2      | Reached skill level 1 in Invocations
  1490 | D:2      | Reached skill level 3 in Maces & Flails
  1490 | D:2      | Reached XP level 4. HP: 28/28 MP: 4/4
  1617 | D:3      | Found Gozag's Platinum Reserve.
  1624 | D:3      | Found an opulent altar of Gozag.
  1925 | D:3      | Found a radiant altar of Vehumet.
  2563 | D:4      | Found a glowing drain.
  2567 | Sewer    | Entered a sewer
  2649 | Sewer    | Reached XP level 5. HP: 26/33 MP: 6/6
  2847 | Sewer    | Reached XP level 6. HP: 23/38 MP: 7/7
  2852 | Sewer    | Reached skill level 4 in Maces & Flails
  3061 | D:4      | Reached XP level 7. HP: 32/44 MP: 9/9
  3179 | D:4      | Found a bloodstained altar of Trog.
  3184 | D:4      | Found a snail-covered altar of Cheibriados.
  3699 | D:5      | Entered Level 5 of the Dungeon
  3766 | D:5      | Reached skill level 5 in Maces & Flails
  3993 | D:5      | Reached skill level 5 in Fighting
  3993 | D:5      | Reached skill level 5 in Armour
  4114 | D:5      | Found Kiujompo's Weapon Shop.
  4219 | D:5      | Reached XP level 8. HP: 49/49 MP: 10/10
  4236 | D:5      | Found a basalt altar of Yredelemnul.
  4259 | D:5      | Reached skill level 5 in Shields
  4382 | D:5      | Found a hazy altar of Hepliaklqana.
  4854 | D:6      | Reached skill level 6 in Maces & Flails
  4913 | D:6      | Noticed a wyvern
  4915 | D:6      | Killed a wyvern
  5076 | D:6      | Found a white marble altar of Elyvilon.
  5076 | D:6      | Found an ancient bone altar of Kikubaaqudgha.
  5281 | D:6      | Found a hide-covered altar of Uskayaw.
  5329 | D:7      | Noticed a wraith
  5367 | D:7      | Noticed a troll
  5481 | D:7      | Reached XP level 9. HP: 38/55 MP: 12/12
  5487 | D:7      | Reached skill level 7 in Maces & Flails
  5513 | D:7      | Killed a troll
  5514 | D:7      | Reached skill level 5 in Invocations
  5742 | D:7      | Identified the ring "Zuveec" {Drain Fly Str+2 Int+6}
  5767 | D:7      | Found a runed translucent door.
  5767 | D:7      | Noticed Tollund's ghost (novice DrSh)
  5947 | D:7      | Found a staircase to the Ecumenical Temple.
  6031 | Temple   | Entered the Ecumenical Temple
  6053 | Temple   | Became a worshipper of the Shining One
  6385 | D:8      | Noticed a skeletal warrior
  6410 | D:8      | Gained mutation: Your skin changes colour to match your
                  | surroundings (Stealth+). [potion of mutation]
  6410 | D:8      | Gained mutation: You occasionally shout uncontrollably at
                  | your foes. [potion of mutation]
  6410 | D:8      | Gained mutation: You are vulnerable to cold. (rC-) [potion
                  | of mutation]
  6410 | D:8      | Gained mutation: You are partially covered in iridescent
                  | scales. (AC +2) [potion of mutation]
  6411 | D:8      | Noticed a skeletal warrior
  6412 | D:8      | Slain by a skeletal warrior

Illustrated notes

Levels and vault maps discovered:
D:1:      lightli_arrival_noodles, layout_loops_cross, serial_shops, shop,
          hangedman_decor_growths, nicolae_wormholes
D:2:      layout_loops_ring, kennysheep_nub, kennysheep_generic_room_9
D:3:      layout_basic, nicolae_gozag_zags_fifth_avenue,
          mainiacjoe_overflow_paths, minmay_splitting_lines
D:4:      minmay_evil_eye, layout_gridville, mainiacjoe_overflow_big_doors,
          makhleb_blood_cavern_becter, gup_sewer_entry_spiral
D:5:      layout_loops_corners, amcnicky_altar_gilded,
          nicolae_yredelemnul_corpse_copse, serial_shops, shop,
          minmay_misc_feat_nine_boxes
D:6:      layout_loops_ring, mainiacjoe_overflow_alcove_2,
          gammafunk_temple_overflow_wave
D:7:      layout_rooms, minmay_temple_entry_fiery, gammafunk_ghost_grave
D:8:      due_megacathedral, layout_basic, gammafunk_ghost_necromancy,
          uniq_erica, uniq_jeremiah
Temple:   minmay_temple_forest_path

Skill      XL: |  1  2  3  4  5  6  7  8  9 |
---------------+----------------------------+-----
Invocations    | 1 2 3 4 5 |  5.3
Maces & Flails | 3 4 5 6 7 |  7.8
Armour         | 4 5 6 |  6.6
Fighting       | 4 5 6 |  6.5
Shields        | 4 5 6 |  6.4

Action                     |  1- 3 |  4- 6 |  7- 9 || total
---------------------------+-------+-------+-------++-------
  Melee: Flail             |    96 |   216 |   453 ||   765
  Evoke: Wand              |       |       |     8 ||     8
    Use: Scroll            |     1 |     5 |       ||     6
         Potion            |       |     2 |     6 ||     8
 Armour: Scale mail        |    46 |   252 |   131 ||   429
         Chain mail        |       |       |    93 ||    93
         Plate armour      |       |       |    77 ||    77
         Ice dragon scales |       |       |    53 ||    53
  Dodge: Dodged            |    37 |   188 |   178 ||   403
  Block: Buckler           |    21 |   129 |   137 ||   287

Table legend: (Time is in decaauts)
 A = Elapsed time spent in this place.
 B = Non-inter-level travel time spent in this place.
 C = Inter-level travel time spent in this place.
 D = Time resting spent in this place.
 E = Time spent auto-exploring this place.
 F = Levels seen in this place.
 G = Mean time per level.
                   A        B        C        D        E       F      G
               +--------+--------+--------+--------+--------+-----+--------+
         Total |   6634 |   6287 |    347 |    209 |   4364 |  10 |  663.4 |
       Dungeon |   6177 |   5871 |    306 |    194 |   4217 |   8 |  772.1 |
        Temple |     56 |     15 |     41 |      0 |      0 |   1 |   56.0 |
         Sewer |    400 |    400 |      0 |     15 |    147 |   1 |  400.0 |
               +--------+--------+--------+--------+--------+-----+--------+

Top non-repeatable levels by time:
     D:4: 987 daAuts
     D:5: 977 daAuts
     D:1: 879 daAuts
     D:3: 864 daAuts
     D:6: 748 daAuts
     D:2: 741 daAuts
     D:7: 706 daAuts
   Sewer: 400 daAuts
     D:8: 273 daAuts
  Temple: 56 daAuts
